 Dungeon Crawl Stone Soup version 0.27.1-35-g4d5d836560 (webtiles) character file.

Game seed: 12821667088988649141

140 Delamore the Sneak (level 5, 0/34 HPs)
             Began as an Octopode Brigand on Apr 18, 2022.
             Slain by a phantom (2 damage)
             ... on level 4 of the Dungeon.
             The game lasted 00:02:29 (2804 turns).

Delamore the Sneak (Octopode Brigand)               Turns: 2804, Time: 00:02:29

Health: 0/34       AC:  1    Str: 11    XL:     5   Next: 22%
Magic:  5/5        EV:  7    Int: 13    God:
Gold:   181        SH:  0    Dex: 14    Spells: 4/4 levels left

rFire    . . .     SeeInvis .   a - +3 dagger (flame)
rCold    . . .     Faith    .   (no shield)
rNeg     . . .     Spirit   .   (helmet restricted)
rPois    .         Reflect  .   (no amulet)
rElec    .         Harm     .   (no ring)
rCorr    .         Rampage  .   (no ring)
Will     .....                  (no ring)
Stlth    ++++......             (no ring)
HPRegen  0.11/turn              (no ring)
MPRegen  0.09/turn              (no ring)
                                (no ring)
                                (no ring)

@: held
A: almost no armour, amphibious, 8 rings, camouflage 1, gelatinous body 1,
(nimble swimmer 1), tentacles
a: no special abilities


You were on level 4 of the Dungeon.
You visited 1 branch of the dungeon, and saw 4 of its levels.

You collected 181 gold pieces.

Inventory:

Hand Weapons
 a - a +3 dagger of flaming (weapon)
Missiles
 b - 25 poisoned darts
 c - 2 curare-tipped darts (quivered)
Wands
 l - a wand of iceblast (8)
 m - a wand of digging (7)
Scrolls
 e - a scroll of identify
 f - a scroll of magic mapping
Potions
 d - 3 potions of brilliance {unknown}
 g - a potion of attraction {unknown}
 h - a potion of degeneration {unknown}
 i - a potion of curing {unknown}
 j - 2 potions of heal wounds {unknown}
 k - 2 potions of magic {unknown}
 n - a potion of haste {unknown}


   Skills:
 - Level 2.0 Fighting
 * Level 4.4 Short Blades
 - Level 2.0 Throwing
 - Level 1.0 Dodging
 + Level 6.7 Stealth


You had 4 spell levels left.
You didn't know any spells.
Your spell library contained the following spells:

 Spells                   Type           Power      Damage    Failure   Level
 Summon Guardian Golem    Hex/Summ       0%         N/A       67%         3
 Orb of Destruction       Conj           0%         N/A       100%        7
 Spellforged Servitor     Conj/Summ      0%         N/A       100%        7


Dungeon Overview and Level Annotations

Branches:
Dungeon (4/15)
 Temple: D:4-7

Altars:
Ashenzari
Makhleb

Shops:
D:2 :

Annotations:
D:3 1 runed translucent door, makewrite's ghost, amateur MiFi


Innate Abilities, Weirdness & Mutations

You cannot wear most types of armour.
You are amphibious.
You can wear up to eight rings at the same time.
Your skin changes colour to match your surroundings (Stealth+).
Your rubbery body absorbs attacks. (AC +1, EV +1)
((You are camouflaged near water. (Stealth+)))
You have tentacles for arms and can constrict up to eight enemies at once.


Message History

The phantom is heavily damaged.
The kobold throws a stone.
The stone hits you but does no damage. The phantom hits you.
The phantom blinks!
You blink.
A gnoll comes into view. It is wielding a +0 club.
The gnoll shouts!
You hit the phantom but do no damage. Your squeeze misses the phantom.
The phantom is heavily damaged.
You hear a shout!
The phantom hits you!
Aiming: Iceblast
Press: ? - help, Shift-Dir - straight line, p - phantom The mass of ice explodes!
The iceblast engulfs the gnoll!
You kill the gnoll!
A gnoll comes into view. It is wielding a +0 whip.
The phantom hits you.
The kobold throws a stone.
The stone hits you.
* * * LOW HITPOINT WARNING * * *
Aiming: Iceblast
Press: ? - help, Shift-Dir - straight line, f - gnoll
Aim: a gnoll, wielding a +0 club and quivering a throwing net The mass of ice explodes!
The iceblast engulfs the gnoll!
The gnoll is almost dead.
The gnoll throws a throwing net.
The throwing net hits you.
You become entangled in the net!
A gnoll comes into view. It is wielding a +0 spear.
The phantom hits you but does no damage.
Aiming: Iceblast
Press: ? - help, Shift-Dir - straight line, f/p - gnoll
Aim: a gnoll, wielding a +0 club (almost dead)
The mass of ice explodes!
The iceblast engulfs the gnoll!
You kill the gnoll!
The phantom hits you!
* * * LOW HITPOINT WARNING * * *
As you read the scroll labelled BATOBE ZOMUCO, it crumbles to dust.
It is a scroll of brand weapon.
Your +3 dagger is engulfed in flames!
a - a +3 dagger of flaming (weapon)
The phantom hits you but does no damage.
You struggle against the net.
The gnoll closely misses you. The phantom hits you.
You die...

##.. ...#.#.### ##>
.........# #.
........(# #.
.........+ #.
####..#....# #)
#.##...K......# #<
#.............## ##)
#..W@....)..## ##..
###.)........#####...
.g.####.............
.g### #.....#.......
... #........###.. ..
###....(## #.# .
#.....# #.# #....#..
... #....#.#####


You could see a phantom, 2 gnolls and a kobold.

Vanquished Creatures
  Ijyb (D:3)
  Robin (D:3)
  An adder (D:2)
  2 gnolls (D:4)
  A dart slug (D:2)
  7 orcs
  4 ball pythons
  2 bats
  4 endoplasms
  2 giant cockroaches
  8 goblins
  5 hobgoblins
  3 jackals
  8 kobolds
  3 quokkas
  2 frilled lizards
  5 rats
59 creatures vanquished.

Notes
Turn   | Place    | Note
-------+----------+-------------------------------------------
     0 | D:1      | Delamore the Octopode Brigand began the quest for the Orb.
     0 | D:1      | Reached XP level 1. HP: 14/14 MP: 1/1
   244 | D:1      | Reached XP level 2. HP: 18/19 MP: 2/2
   379 | D:1      | Found a faded altar of an unknown god.
   552 | D:2      | Found Gur Xes's Book Emporium.
   792 | D:2      | Reached XP level 3. HP: 20/24 MP: 3/3
   999 | D:3      | Found a broken altar of Ashenzari.
  1023 | D:3      | Reached skill level 6 in Stealth
  1043 | D:3      | Noticed Robin
  1311 | D:3      | Killed Robin
  1312 | D:3      | Reached XP level 4. HP: 19/29 MP: 4/4
  1523 | D:3      | Found a burning altar of Makhleb.
  1617 | D:3      | Noticed Ijyb
  1633 | D:3      | Killed Ijyb
  1885 | D:3      | Found a runed translucent door.
  1885 | D:3      | Noticed makewrite's ghost (amateur MiFi)
  2660 | D:4      | Reached XP level 5. HP: 22/34 MP: 5/5
  2789 | D:4      | Noticed a phantom
  2804 | D:4      | Slain by a phantom

Illustrated notes

Levels and vault maps discovered:
D:1:      psy_arrival_whirlpool, layout_rooms, ebering_ecumenical_altar_rust
D:2:      layout_basic, serial_shops, shop, shop_fountains
D:3:      layout_basic, mainiacjoe_overflow_brackets, lemuel_crystal_altar,
          gammafunk_ghost_grave, uniq_ijyb, uniq_robin
D:4:      layout_rooms, grunt_temple_overflow_opulence

Skill      XL: |  1  2  3  4 |
---------------+-------------+-----
Short Blades   | 3 4 |  4.4
Stealth        | 6 |  6.7
Fighting       | |  2.0
Throwing       | |  2.0
Dodging        | |  1.0

Action                   |  1- 3 |  4- 6 || total
-------------------------+-------+-------++-------
Melee: Dagger            |    55 |    71 ||   126
       Constrict         |    11 |    17 ||    28
       Tentacles         |     5 |    15 ||    20
Evoke: Wand              |       |     4 ||     4
  Use: Scroll            |     2 |     1 ||     3
 Stab: Sleeping          |    13 |     5 ||    18
Armor: Skin              |     4 |     6 ||    10
Dodge: Dodged            |    28 |    45 ||    73
